 Dungeon Crawl Stone Soup version 0.18.1-48-g4cf74bf (webtiles) character file.

164 juanjsm the Changer (level 5, -1/33 HPs)
             Began as an Octopode Transmuter on July 2, 2016.
             Slain by a goblin (2 damage)
             ... on level 3 of the Dungeon.
             The game lasted 00:10:11 (2567 turns).

juanjsm the Changer (Octopode Transmuter)           Turns: 2567, Time: 00:10:11

Health: -1/33      AC:  2    Str: 10    XL:     5   Next: 45%
Magic:  10/10      EV: 19    Int: 16    God:
Gold:   74         SH:  0    Dex: 17    Spells: 2 memorised, 7 levels left

rFire  . . .     SeeInvis .       - Unarmed
rCold  . . .     Gourm    .     (shield currently unavailable)
rNeg   . . .     Faith    .     (helmet currently unavailable)
rPois  x         Spirit   .     (no amulet)
rElec  .         Dismiss  .     (no ring)
rCorr  .         Reflect  .     (no ring)
SustAt .         Harm     .     (no ring)
MR     .....                    (no ring)
Stlth  ++........               (no ring)
                                (no ring)
                                (no ring)
                                (no ring)

@: spider-form, not resistant to hostile enchantments, unstealthy
A: almost no armour, (amphibious), 8 rings, (constrict 8), (camouflage 0),
(gelatinous body 0)
a: End Transformation


You were on level 3 of the Dungeon.
You were hungry.
You were a venomous arachnid creature.
You visited 1 branch of the dungeon, and saw 3 of its levels.

You collected 74 gold pieces.

Inventory:

Missiles
 a - 12 arrows
 d - 7 javelins (quivered)
Scrolls
 e - a scroll of remove curse {unknown}
 f - a scroll of identify {unknown}
Books
 b - a book of Changes

   Spells                             Type                      Level
   a - Beastly Appendage              Transmutation                1
   b - Sticks to Snakes               Transmutation                2
   c - Spider Form                    Transmutation/Poison         3
   d - Ice Form                       Ice/Transmutation            4
   e - Blade Hands                    Transmutation                5
Comestibles
 c - a bread ration
 h - a meat ration
 i - 5 fruits
 j - a beef jerky
 k - 3 chunks of flesh


   Skills:
 - Level 1.5 Fighting
 - Level 2.0 Dodging
 - Level 0.4 Stealth
 - Level 3.4 Unarmed Combat
 + Level 3.5 Spellcasting
 + Level 3.7 Transmutations


You had 7 spell levels left.
You knew the following spells:

 Your Spells              Type           Power        Failure   Level  Hunger
a - Beastly Appendage     Trmt           ##....       14%         1    None
b - Spider Form           Trmt/Pois      #.........   50%         3    ###....


Dungeon Overview and Level Annotations

Branches:
Dungeon (3/15)

Altars:
Elyvilon
Ru

Annotations:
D:2 Natasha
D:3 Robin


Innate Abilities, Weirdness & Mutations

You cannot wear most types of armour.
((You are amphibious.))
You can wear up to eight rings at the same time.
((You can use your tentacles to constrict eight enemies at once.))
((Your skin changes colour to match your surroundings (Stealth).))
((Your rubbery body absorbs attacks (AC +1).))


Message History

You closely miss the orc.
The goblin no longer looks unusually strong.
The orc completely misses you. The goblin barely misses you.
The goblin hits you with a dagger.
* * * LOW HITPOINT WARNING * * *
You hit the orc.
The orc is severely wounded.
The orc misses you. The goblin completely misses you. The goblin misses you.
You hit the orc but do no damage.
The orc is severely wounded.
The orc closely misses you. The goblin misses you.
You hit the orc but do no damage.
The orc is poisoned.
The orc is severely wounded.
You kill the orc!
Robin roars a battlecry!
The goblin goes into a battle-frenzy!
The goblin hits you with a dagger!
* * * LOW HITPOINT WARNING * * *
The goblin hits you.
You die...

..# #........# ..#
.......... ..#
#.......# ..#
###....... ..###
##.....#.## ....#
#####..........
.##.###..........#.#
..........).)..()#
############g###s#
......gg# #.#####.#
g.# ##. ... # ... ..


You could see 2 goblins.

Vanquished Creatures
  Natasha (D:2)
  3 gnolls (D:2)
  3 adders
  An ooze (D:1)
  3 dart slugs
  A giant gecko (D:1)
  An orc (D:3)
  A giant cockroach (D:1)
  15 goblins
  6 hobgoblins
  7 jackals (D:2)
  A ball python (D:2)
  11 bats
  4 giant newts
  4 kobolds
  7 rats
69 creatures vanquished.

Notes
Turn   | Place    | Note
--------------------------------------------------------------
     0 | D:1      | juanjsm the Octopode Transmuter began the quest for the Orb.
     0 | D:1      | Reached XP level 1. HP: 13/13 MP: 3/3
   109 | D:1      | Reached XP level 2. HP: 10/18 MP: 3/5
   459 | D:1      | Reached XP level 3. HP: 21/23 MP: 6/6
   464 | D:1      | Learned a level 3 spell: Spider Form
   982 | D:2      | Found a sacrificial altar of Ru.
   989 | D:2      | Reached XP level 4. HP: 17/28 MP: 5/7
  1169 | D:2      | Found a white marble altar of Elyvilon.
  1362 | D:2      | Noticed Natasha
  1500 | D:2      | Killed Natasha
  1865 | D:2      | Reached XP level 5. HP: 18/33 MP: 9/9
  2208 | D:2      | Noticed Natasha
  2537 | D:3      | Noticed Robin
  2567 | D:3      | HP: 1/33 [goblin/dagger[Robin] (7)]
  2567 | D:3      | Slain by a goblin

Skill      XL: |  1  2  3  4 |
---------------+-------------+-----
Transmutations | 3 |  3.7
Spellcasting   | 3 |  3.5
Fighting       | |  1.5
Dodging        | |  2.0
Stealth        | |  0.4
Unarmed Combat | |  3.4

Action                   |  1- 3 |  4- 6 || total
-------------------------+-------+-------++-------
Melee: Unarmed           |    81 |    78 ||   159
       Kick              |    17 |    14 ||    31
       Constrict         |    17 |    19 ||    36
       Tentacles         |     9 |     9 ||    18
       Punch             |     2 |     4 ||     6
 Cast: Beastly Appendage |    19 |    13 ||    32
       Spider Form       |       |     2 ||     2
  Use: Potion            |       |     1 ||     1
 Stab: Sleeping          |     4 |     2 ||     6
       Paralysed         |       |     1 ||     1
  Eat: Chunk             |     1 |     4 ||     5
Armor: Skin              |    14 |     6 ||    20
Dodge: Dodged            |    63 |    74 ||   137
